 Dungeon Crawl Stone Soup version 0.26.1-11-gd32895ea62 (webtiles) character file.

Game seed: 10211613812873144810

30426 MisterFreud the Spry (level 13, -9/90 HPs)
             Began as a Felid Berserker on June 10, 2021.
             Was the Champion of Trog.
             Mangled by an entropy weaver (12 damage)
             ... on level 1 of the Spider Nest.
             The game lasted 00:46:59 (29986 turns).

MisterFreud the Spry (Felid Berserker)             Turns: 29986, Time: 00:46:59

Health: -9/90      AC: -5    Str: 13    XL:     13   Next: 20%
Magic:  0/14       EV: 37    Int: 11    God:    Trog [******]
Gold:   1276       SH:  0    Dex: 26    Spells: 12/12 levels left
                                        Lives:  0   Deaths: 4

rFire    . . .     SeeInvis +     - Unarmed
rCold    + . .     Faith    .   (shield unavailable)
rNeg     . . .     Spirit   +   (armour unavailable)
rPois    +         Reflect  .   (helmet unavailable)
rElec    +         Harm     .   (cloak unavailable)
rCorr    .         Rampage  .   (gloves unavailable)
Will     +++..                  (boots unavailable)
Stlth    ..........             A - amulet of guardian spirit
HPRegen  1.25/turn              F - ring of Xinoss {+Inv +Fly Dex+3 SInv}
MPRegen  0.14/turn              w - ring of Luagiot {rElec rPois AC+4 Int+2 Dex+3}

@: berserking, corroded, regenerating, very quick
A: very small, no armour, no weapons or thrown items, stealth, claws 1, fangs 3,
see invisible, speed 1, shaggy fur 3, sharp paws
a: Renounce Religion, Evoke Invisibility, Evoke Flight, Berserk, Trog's Hand,
Brothers in Arms


You were on level 1 of the Spider Nest.
You worshipped Trog.
Trog was exalted by your worship.
You visited 4 branches of the dungeon, and saw 23 of its levels.

You collected 1882 gold pieces.
You spent 606 gold pieces at shops.

Inventory:

Jewellery
 c - an uncursed ring of protection from fire
 k - an uncursed amulet of the acrobat
 o - an uncursed ring of ice
 w - the ring of Luagiot (right paw) {rElec rPois AC+4 Int+2 Dex+3}
   (You took it off a kobold on level 4 of the Dungeon)

   [ring of protection]

   It affects your AC (+4).
   It affects your intelligence (+2).
   It affects your dexterity (+3).
   It insulates you from electricity.
   It protects you from poison.
 A - an amulet of guardian spirit (around neck)
 F - the ring of Xinoss (left paw) {+Inv +Fly Dex+3 SInv}
   (You bought it in a shop on level 5 of the Dungeon)

   [ring of flight]

   It affects your dexterity (+3).
   It lets you see invisible.
   It lets you turn invisible.
   It lets you fly.
 H - the ring "Rietoyq" {Wiz rPois rF- Int+4 Slay+6}
   (You found it on level 11 of the Dungeon)

   [ring of wizardry]

   It improves your spell success rate.
   It affects your intelligence (+4).
   It affects your accuracy and damage with ranged weapons and melee attacks
   (+6).
   It makes you vulnerable to fire.
   It protects you from poison.
 J - an uncursed ring of willpower
 U - an uncursed ring of willpower
Wands
 j - a wand of iceblast (43)
 t - a wand of acid (9)
 v - a wand of random effects (54)
 y - a wand of paralysis (13)
 B - a wand of polymorph (16)
 E - a wand of disintegration (29)
 N - a wand of flame (10)
 R - a wand of enslavement (4)
Scrolls
 d - 20 scrolls of teleportation
 e - 2 scrolls of immolation
 f - 4 scrolls of remove curse
 i - 5 scrolls of identify
 l - 5 scrolls of fear
 m - 3 scrolls of blinking
 p - 11 scrolls of magic mapping
 r - 7 scrolls of fog
 z - a scroll of silence
 I - 2 scrolls of summoning
Potions
 a - 14 potions of ambrosia
 b - 2 potions of mutation
 g - 8 potions of heal wounds
 h - 8 potions of curing
 n - 3 potions of lignification
 q - a potion of magic
 s - 4 potions of flight
 u - 4 potions of haste
 x - 3 potions of cancellation
 C - a potion of attraction
 D - 2 potions of might
 P - 3 potions of resistance
 Q - 2 potions of invisibility
 T - 2 potions of berserk rage {unknown}
Miscellaneous
 O - a phantom mirror


   Skills:
 + Level 9.4 Fighting
 + Level 17.8 Dodging
 - Level 10.0 Stealth
 + Level 16.2 Unarmed Combat
 - Level 15.0 Evocations


You had 12 spell levels left.
You didn't know any spells.
Your spell library was empty.

Dungeon Overview and Level Annotations

Branches:
Dungeon (15/15)            Temple (1/1) D:5            Lair (6/6) D:9
  Swamp (0/4) Lair:4       Spider (1/4) Lair:3        Slime (0/5) Lair:5
    Orc (0/2) D:10         Vaults (0/5) D:13         Depths (0/5) D:15

Altars:
Ashenzari
Dithmenos
Elyvilon
Okawaru
Qazlal
Sif Muna
Uskayaw
Vehumet
Wu Jian
Xom
Zin
Jiyva

Shops:
D:5 =(   D:11 ?

Portals:
Trove: D:11 (give 6 scrolls of fear)

Annotations:
D:11 2 runed translucent doors


Innate Abilities, Weirdness & Mutations

You cannot wear armour.
You are incapable of wielding weapons or throwing items.
Your paws allow you to move quietly. (Stealth)
You have sharp claws.
You have razor-sharp teeth.
You have supernaturally acute eyesight. (SInv)
You cover ground quickly.
Your thick and shaggy fur keeps you warm. (AC +3, rC+)
Your sharp claws are effective at attacking unaware monsters.


Message History

You scratch the entropy weaver.
You bite the entropy weaver, but do no damage.
The entropy weaver is moderately wounded.
The entropy weaver points at you and mumbles some strange words.
The entropic weave corrodes you!
You closely miss the entropy weaver. Your bite misses the entropy weaver.
The entropy weaver is moderately wounded.
You mangle the entropy weaver!!
You claw the entropy weaver, but do no damage.
The entropy weaver is severely wounded.
The entropy weaver completely misses you. x3
The entropy weaver hits you.
* * * LOW HITPOINT WARNING * * *
You scratch the entropy weaver.
The entropy weaver is severely wounded.
You barely miss the entropy weaver.
The entropy weaver is severely wounded.
The entropy weaver completely misses you.
The entropy weaver closely misses you. The entropy weaver hits you!
You die...

....... ........ #..
......... ... ######
......... #.^ ^....
.......... #.# .#....
###.s.. #.##.#
#.#....
..B...^###^..#
#.##†... #B# #..###.#
#.... #@# #..##^.#
#.... #.####....##
##... ##.##.####.#
#... #...## #.## ##..
#^########.####.#
.... #.....#.##.##
......##..........#.
#.###.##.......#####.
# .###.#......# #<


You could see an entropy weaver.

Vanquished Creatures
  Kirke (Lair:4)
  The ghost of Denhark the Severer, a journeyman MiBe of Trog (Lair:6)
  5 dire elephants (Lair:6)
  An ettin (D:15)
  A yaktaur captain (D:12)
  10 hydras
  A vault guard (D:13)
  Fannar (Lair:2)
  4 catoblepae
  An anaconda (Lair:6)
  A death knight (D:15)
  4 centaur warriors
  A boulder beetle (Lair:5)
  3 two-headed ogres
  4 death yaks (Lair:5)
  A tengu warrior (D:14)
  An ogre mage (D:15)
  A dancing weapon (Lair:6)
  A skeletal warrior (D:15)
  A hell knight (D:15)
  5 unseen horrors
  2 orc knights
  A wolf spider zombie (D:15)
  2 orb spiders (Spider:1)
  2 wolf spiders (Spider:1)
  A cyclops (shapeshifter) (D:12)
  A deep elf mage (D:12)
  3 ugly things (D:11)
  2 manticores (D:12)
  5 cyclopes
  Maurice (D:8)
  4 elephants (Lair:6)
  2 torpor snails
  5 black mambas
  10 cane toads
  8 komodo dragons
  3 rime drakes
  A demonic crawler (Spider:1)
  2 yaktaurs (D:15)
  2 freezing wraiths (D:15)
  2 tengu conjurers
  4 red devils (D:13)
  A polar bear (Lair:6)
  Grinder (D:5)
  A harpy zombie (D:15)
  2 queen bees
  3 trolls
  4 jumping spiders (Spider:1)
  A meliai (shapeshifter) (D:14)
  2 hornets
  9 meliai
  5 slime creatures
  13 blink frogs
  10 dream sheep
  A shadow (D:14)
  2 vampires (D:15)
  A yak (shapeshifter) (D:13)
  3 redbacks (Spider:1)
  2 wyverns
  2 tarantellas (Spider:1)
  4 wraiths
  3 fire bats (Lair:6)
  64 yaks
  4 basilisks
  2 humans (D:8)
  8 vampire mosquitoes
  A warg (D:15)
  15 water moccasins
  A soldier ant (D:15)
  5 ice beasts
  5 sky beasts
  11 orc warriors
  A black bear (D:10)
  4 phantoms
  4 ogres
  A necrophage (D:9)
  8 wolves
  11 centaurs
  9 big kobolds
  18 bullfrogs
  A water moccasin skeleton (D:8)
  3 scorpions
  67 killer bees
  6 wights
  2 howler monkeys (D:10)
  10 orc priests
  6 centaur skeletons
  3 centaur zombies
  6 hounds
  A gnoll shaman (D:6)
  8 jellies
  Jessica (D:3)
  2 bullfrog skeletons
  4 iguanas
  13 orc wizards
  4 hell rats (Lair:3)
  14 worker ants
  A killer bee zombie (D:8)
  A hound skeleton (D:4)
  Robin (D:3)
  A worker ant zombie (D:10)
  8 gnolls
  2 howler monkey skeletons
  13 adders
  3 white imps
  2 ufetubi
  An ooze (D:1)
  4 adder skeletons
  3 worms
  8 leopard geckos
  36 orcs
  16 bats
  3 giant cockroaches
  8 goblins
  11 hobgoblins
  5 jackals
  46 kobolds
  7 quokkas
  2 ball pythons
  9 frilled lizards
  A leopard gecko skeleton (D:6)
  10 rats
707 creatures vanquished.

Vanquished Creatures (others)
  An unseen horror (D:15)
  A kobold (D:4)
  28 fungi
  135 plants
165 creatures vanquished.

Grand Total: 872 creatures vanquished

Notes
Turn   | Place    | Note
-------+----------+-------------------------------------------
     0 | D:1      | MisterFreud the Felid Berserker began the quest for the
                  | Orb.
     0 | D:1      | Reached XP level 1. HP: 10/10 MP: 2/2
    85 | D:1      | Reached skill level 1 in Stealth
    99 | D:1      | Reached XP level 2. HP: 11/14 MP: 3/3
   646 | D:2      | Reached XP level 3. HP: 12/17 MP: 4/4
   650 | D:2      | Reached ** piety under Trog
  1425 | D:2      | Reached XP level 4. HP: 21/21 MP: 5/5
  1917 | D:3      | Found a shimmering blue altar of Sif Muna.
  2635 | D:3      | Noticed Jessica
  2646 | D:3      | Killed Jessica
  2647 | D:3      | Reached XP level 5. HP: 24/24 MP: 6/6
  2692 | D:3      | Noticed Robin
  2706 | D:3      | Killed Robin
  2707 | D:3      | Reached skill level 5 in Stealth
  2715 | D:3      | Reached *** piety under Trog
  3432 | D:4      | Reached skill level 5 in Unarmed Combat
  3642 | D:4      | Gained mutation: You are covered in thick fur. (AC +2)
                  | [Felid growth]
  3642 | D:4      | Reached XP level 6. HP: 21/28 MP: 7/7
  4152 | D:4      | Identified the ring of Luagiot {rElec rPois AC+4 Int+2
                  | Dex+3}
  4646 | D:5      | Entered Level 5 of the Dungeon
  4656 | D:5      | Reached skill level 5 in Dodging
  4716 | D:5      | Reached skill level 6 in Dodging
  4716 | D:5      | Reached XP level 7. HP: 10/31 MP: 8/8
  4967 | D:5      | Noticed Grinder
  4979 | D:5      | Paralysed by Grinder for 7 turns
  4993 | D:5      | Killed Grinder
  4994 | D:5      | Reached skill level 8 in Dodging
  5326 | D:5      | Found Fyjobaip's Hydra Hut.
  5331 | D:5      | Noticed a four-headed hydra
  5656 | D:5      | Reached **** piety under Trog
  5667 | D:5      | Found Otu Ydon's Jewellery Shoppe.
  5833 | D:5      | Found a staircase to the Ecumenical Temple.
  5848 | Temple   | Entered the Ecumenical Temple
  5931 | D:5      | Reached skill level 9 in Dodging
  5931 | D:5      | Reached XP level 8. HP: 34/34 MP: 9/9
  6285 | D:6      | Reached skill level 10 in Dodging
  6871 | D:7      | Reached skill level 11 in Dodging
  7011 | D:7      | Reached skill level 12 in Dodging
  7120 | D:7      | Reached skill level 1 in Evocations
  7247 | D:7      | Reached XP level 9. HP: 38/38 MP: 10/10
  8240 | D:8      | Found an iron altar of Okawaru.
  8404 | D:8      | Noticed Maurice
  8416 | D:8      | Killed Maurice
  8494 | D:8      | Noticed a two-headed ogre
  8506 | D:8      | Killed a two-headed ogre
  8507 | D:8      | Reached skill level 5 in Fighting
  8619 | D:8      | Reached XP level 10. HP: 44/44 MP: 11/11
  8955 | D:9      | Reached skill level 5 in Evocations
  9060 | D:8      | Noticed a five-headed hydra
  9225 | D:9      | Reached ***** piety under Trog
  9315 | D:9      | Found a white marble altar of Elyvilon.
  9316 | D:9      | Found a broken altar of Ashenzari.
  9316 | D:9      | Found a stormy altar of Qazlal.
  9318 | D:9      | Found a hide-covered altar of Uskayaw.
  9319 | D:9      | Found a radiant altar of Vehumet.
  9425 | D:9      | Found a staircase to the Lair.
  9449 | D:9      | Reached skill level 10 in Stealth
 10061 | D:10     | Entered Level 10 of the Dungeon
 10209 | D:10     | Found a staircase to the Orcish Mines.
 10585 | D:11     | Reached skill level 10 in Unarmed Combat
 10830 | D:11     | Noticed a red ugly thing
 10837 | D:11     | Killed a red ugly thing
 10854 | D:11     | Found Ahurekam's Magic Scroll Emporium.
 10857 | D:11     | Bought a scroll of identify for 32 gold pieces
 10857 | D:11     | Bought a scroll of fear for 56 gold pieces
 10857 | D:11     | Bought a scroll of magic mapping for 56 gold pieces
 11197 | D:8      | Killed a five-headed hydra
 11198 | D:8      | Reached XP level 11. HP: 48/48 MP: 10/12
 11206 | D:8      | Got a flickering silver ring
 11207 | D:8      | Identified the ring "Bostaov" {MP+9 Dex+3 SInv} (You found
                  | it on level 8 of the Dungeon)
 11313 | D:5      | Bought the ring of Xinoss {+Inv +Fly Dex+3 SInv} for 462
                  | gold pieces
 11805 | D:10     | Reached skill level 13 in Dodging
 11828 | D:10     | Noticed a three-headed hydra
 11833 | D:10     | Killed a three-headed hydra
 11931 | D:11     | Found a large runed translucent door.
 11931 | D:11     | Found a large runed translucent door.
 11940 | D:11     | Noticed a centaur warrior
 11942 | D:11     | Noticed a cyan ugly thing
 11944 | D:11     | Found the +11 plutonium sword {*Contam Stlth-}
 11948 | D:11     | Found a large runed translucent door.
 11948 | D:11     | Found a large runed translucent door.
 12081 | D:11     | Noticed a green ugly thing
 12092 | D:11     | Killed a green ugly thing
 12583 | D:11     | Got a slimy steel ring
 12725 | D:11     | Found a portal to a secret trove of treasure.
 12975 | D:11     | Killed a centaur warrior
 12982 | D:11     | Killed a cyan ugly thing
 12983 | D:11     | Reached skill level 10 in Evocations
 13074 | D:11     | Identified the ring "Rietoyq" {Wiz rPois rF- Int+4 Slay+6}
                  | (You found it on level 11 of the Dungeon)
 13173 | D:12     | Reached skill level 14 in Dodging
 13540 | D:12     | Noticed a two-headed ogre
 13552 | D:12     | Killed a two-headed ogre
 13778 | D:12     | Reached ****** piety under Trog
 13779 | D:12     | Gained mutation: Your thick and shaggy fur keeps you warm.
                  | (AC +3, rC+) [Felid growth]
 13779 | D:12     | Reached XP level 12. HP: 49/52 MP: 11/13
 14384 | D:12     | Noticed a yaktaur captain
 14401 | D:12     | Killed a yaktaur captain
 14406 | D:12     | Noticed a centaur warrior
 14415 | D:12     | Killed a centaur warrior
 14419 | D:12     | Reached skill level 15 in Dodging
 15058 | D:12     | Noticed an eight-headed hydra
 15066 | D:12     | Slain by an eight-headed hydra
 15067 | D:12     | Reached XP level 11. HP: 0/72 MP: 0/12
 15082 | D:12     | Killed an eight-headed hydra
 15083 | D:12     | Reached skill level 16 in Dodging
 15420 | D:12     | Noticed a two-headed ogre
 15441 | D:12     | Killed a two-headed ogre
 15707 | D:13     | Noticed a centaur warrior
 15725 | D:13     | Killed a centaur warrior
 15847 | D:13     | Noticed an unseen horror
 15869 | D:13     | Killed an unseen horror
 15870 | D:13     | Reached XP level 12. HP: 40/52 MP: 10/13
 16422 | D:13     | Noticed a vault guard
 16443 | D:13     | Killed a vault guard
 16528 | D:13     | Found a gate to the Vaults.
 16797 | D:13     | Slain by a red devil
 16798 | D:13     | Reached XP level 11. HP: 0/48 MP: 0/12
 17188 | Lair:1   | Entered Level 1 of the Lair of Beasts
 17671 | Lair:1   | Noticed a six-headed hydra
 17678 | Lair:1   | Killed a six-headed hydra
 18558 | Lair:2   | Reached XP level 12. HP: 29/52 MP: 7/13
 19029 | Lair:2   | Noticed Fannar
 19035 | Lair:2   | Killed Fannar
 20047 | Lair:3   | Found a hole to the Spider Nest.
 20562 | Lair:4   | Found a staircase to the Swamp.
 20686 | Lair:4   | Noticed a five-headed hydra
 20700 | Lair:4   | Killed a five-headed hydra
 21236 | Lair:4   | Noticed a four-headed hydra
 21246 | Lair:4   | Killed a four-headed hydra
 21311 | Lair:4   | Noticed a seven-headed hydra
 21321 | Lair:4   | Killed a seven-headed hydra
 21569 | Lair:4   | Noticed Kirke
 21585 | Lair:4   | Killed Kirke
 22140 | Lair:5   | Noticed a death yak
 22155 | Lair:5   | Killed a death yak
 22156 | Lair:5   | Reached skill level 15 in Evocations
 22156 | Lair:5   | Reached XP level 13. HP: 54/55 MP: 7/14
 22931 | Lair:5   | Found a staircase to the Slime Pits.
 22931 | Lair:5   | Found a viscous altar of Jiyva.
 23067 | Lair:6   | Entered Level 6 of the Lair of Beasts
 24297 | Lair:6   | Found a runed translucent door.
 24299 | Lair:6   | Found a shimmering altar of Xom.
 24299 | Lair:6   | Noticed Denhark's ghost (journeyman MiBe)
 24312 | Lair:6   | Killed Denhark's ghost
 24401 | Lair:6   | Reached skill level 15 in Unarmed Combat
 25385 | Lair:6   | Reached XP level 14. HP: 51/60 MP: 12/15
 25996 | Lair:6   | Identified the Compendium of Enchantment
 27514 | D:14     | Reached skill level 17 in Dodging
 27709 | D:15     | Entered Level 15 of the Dungeon
 28280 | D:15     | HP: 4/94 [meliai/+0 hand axe (7)]
 28288 | D:15     | HP: 4/94 [killer bee (5)]
 28309 | D:15     | Demolished by a hell knight
 28310 | D:15     | Reached XP level 13. HP: -14/88 MP: 0/14
 28359 | D:15     | Found a staircase to the Depths.
 28662 | D:15     | Noticed an ettin
 28677 | D:15     | Killed an ettin
 29283 | D:15     | Reached XP level 14. HP: 58/64 MP: 8/15
 29807 | Spider:1 | Entered Level 1 of the Spider Nest
 29843 | Spider:1 | HP: 1/64 [jumping spider (3)]
 29844 | Spider:1 | Slain by a tarantella
 29845 | Spider:1 | Reached XP level 13. HP: 0/60 MP: 0/14
 29956 | Spider:1 | Noticed an entropy weaver
 29980 | Spider:1 | HP: 3/60 [entropy weaver (3)]
 29986 | Spider:1 | Mangled by an entropy weaver

Illustrated notes

Levels and vault maps discovered:
D:1:      dpeg_arrival_leaves_temple_mockup, layout_rooms, st_stairs_1
D:2:      layout_basic
D:3:      layout_loops_corners, lemuel_blue_sif_altar, bh_walls_and_bars,
          uniq_robin, uniq_jessica
D:4:      kennysheep_kobold_camp, layout_rooms, serial_forest,
          infiniplex_forest_clump_diagonal, infiniplex_forest_straight_2,
          infiniplex_forest_clump_small, infiniplex_forest_clump_cross,
          infiniplex_forest_lined_corner, infiniplex_forest_diagonal,
          infiniplex_forest_clump_curved
D:5:      layout_basic, minmay_temple_entry_purple_smoke, serial_shops,
          nicolae_shop_trees, doesnt_shop_hydraphobe, uniq_grinder
D:6:      layout_cave_pools
D:7:      layout_cave_pods
D:8:      cheibrodos_elevator_heist, layout_cave_pools, grunt_ministairs_9,
          okawaru_humans, uniq_maurice
D:9:      layout_roguey, minitemple, lair_entry_dummy
D:10:     layout_basic, glass_columns_a, hangedman_ranch
          [blue_anna_fruit_fields]
D:11:     layout_long_grid, trove_entry_hex_spiral, serial_shops,
          nicolae_shop_behind_doors, minmay_hollow_rounded_squares
D:12:     regret_index_combs_of_tragedy, layout_loops_ring
D:13:     layout_basic, david_vaults_4, einodemon_armed_red_devil_minivault
D:14:     layout_loops_ring, minmay_misc_feat_secret_circle
D:15:     hangedman_depths_entry_civil_slaughter, layout_loops_ring,
          special_room [special_room_bee], hangedman_batty
Temple:   lightli_temple_of_artemis
Lair:1:   layout_chaotic_city
Lair:2:   layout_cave_pods, uniq_fannar
Lair:3:   layout_roguey, spider_nest_entry_a, lemuel_fruit_tree
Lair:4:   layout_hall_layers, minmay_swamp_entry_swarm,
          infiniplex_staircase_pool, uniq_kirke
Lair:5:   beast_lair_carwin_large_1, layout_concentric_octagons, slime_altar_1
Lair:6:   due_jungle_book, layout_gridlike, ebering_ghost_xom, serial_forest,
          infiniplex_forest_fountain, infiniplex_forest_lined_room_2,
          infiniplex_forest_lined_3, infiniplex_forest_lined_ring,
          infiniplex_forest_clump_diagonal, infiniplex_forest_straight_1,
          infiniplex_forest_lined_ring
Spider:1: layout_chambers, hangedman_spider_tarantella_strand

Skill      XL: |  1  2  3  4  5  6  7  8  9 10 11 12 13 14 |
---------------+-------------------------------------------+-----
Stealth        | 1 2 3 4 6 8 10 | 10.0
Unarmed Combat | 4 5 6 7 10 13 16 | 16.2
Dodging        | 6 9 12 16 15 17 | 17.8
Evocations     | 1 4 6 10 15 | 15.0
Fighting       | 5 6 9 8 |  9.4

Action                   |  1- 3 |  4- 6 |  7- 9 | 10-12 | 13-15 || total
-------------------------+-------+-------+-------+-------+-------++-------
Melee: Unarmed           |    98 |   216 |   329 |  1345 |   796 ||  2784
       Bite              |     5 |    30 |    44 |   244 |   132 ||   455
       Punch             |     4 |     3 |    16 |   115 |    83 ||   221
Invok: Berserk           |     1 |     1 |     7 |    26 |    19 ||    54
       Trog's Hand       |       |     1 |     2 |    10 |     6 ||    19
 Abil: Evoke Invisibilit |       |       |       |     2 |     5 ||     7
Evoke: Wand              |       |       |     1 |     2 |     5 ||     8
  Use: Scroll            |       |       |       |    30 |     1 ||    31
       Potion            |       |       |       |     1 |     1 ||     2
 Stab: Sleeping          |    10 |    12 |    10 |    47 |    14 ||    93
       Distracted        |       |     4 |     2 |     2 |     5 ||    13
       Invisible         |       |       |       |    10 |    32 ||    42
       Petrified         |       |       |       |       |     5 ||     5
       Petrifying        |       |       |       |       |     1 ||     1
       Paralysed         |       |       |       |       |     1 ||     1
Armor: Skin              |     6 |     3 |    17 |    68 |    33 ||   127
Dodge: Dodged            |    80 |   164 |   332 |  1416 |   852 ||  2844
